 Dungeon Crawl Stone Soup version 0.23-a0-446-g036aa52 (webtiles) character file.

35 RoseArtemis the Sneak (level 3, 0/16 HPs)
             Began as a Spriggan Enchanter on Nov 18, 2018.
             Slain by a goblin
             ... wielding a cursed +0 club
              (5 damage)
             ... on level 2 of the Dungeon.
             The game lasted 00:05:07 (1533 turns).

RoseArtemis the Sneak (Spriggan Enchanter)          Turns: 1533, Time: 00:05:08

Health: 0/16       AC:  2    Str:  4    XL:     3   Next: 16%
Magic:  0/8        EV: 18    Int: 17    God:
Gold:   80         SH:  0    Dex: 16    Spells: 5/8 levels left

rFire    . . .     SeeInvis +   p - -1 dagger (curse)
rCold    . . .     Gourm    .   (shield restricted)
rNeg     . . .     Faith    .   b - +0 robe
rPois    .         Spirit   .   (helmet restricted)
rElec    .         Reflect  .   (no cloak)
rCorr    .         Harm     .   (gloves unavailable)
MR       .....                  (boots unavailable)
Stlth    +++.......             (no amulet)
HPRegen  0.05/turn              (no ring)
MPRegen  0.11/turn              (no ring)

@: very quick
A: very small, unfitting armour, see invisible, herbivore, speed 3, slow
metabolism 2
a: no special abilities


You were on level 2 of the Dungeon.
You were not hungry.

You visited 1 branch of the dungeon, and saw 2 of its levels.

You collected 80 gold pieces.

Inventory:

Hand Weapons
 a - a +1 dagger
 p - a cursed -1 dagger (weapon)
Missiles
 m - a throwing net (quivered)
Armour
 b - a +0 robe (worn)
Wands
 g - a wand of polymorph (11)
Scrolls
 e - a scroll of fear
 f - a scroll of noise {unknown}
 i - a scroll of immolation {unknown}
 l - a scroll of identify {unknown}
 n - a scroll of teleportation {unknown}
 o - a scroll of remove curse {unknown}
Potions
 c - a potion of curing {unknown}
 h - 2 potions of lignification {unknown}
 j - a potion of resistance {unknown}
 k - a potion of ambrosia {unknown}
Comestibles
 d - a ration


   Skills:
 + Level 1.7 Short Blades
 - Level 3.0 Dodging
 + Level 4.9 Stealth
 + Level 3.1 Spellcasting
 * Level 4.3 Hexes


You had 5 spell levels left.
You knew the following spells:

 Your Spells              Type           Power        Failure   Level  Hunger
a - Corona                Hex            ###....      3%          1    None
b - Ensorcelled Hibernat  Hex/Ice        ##....       11%         2    ##.....

Your spell library contained the following spells:

 Spells                   Type           Power        Failure   Level  Hunger
 Confuse                  Hex            ###.....     9%          3    ###....
 Tukima's Dance           Hex            ###.....     9%          3    ###....
 Dazzling Spray           Conj/Hex       ##....       22%         3    ###....


Dungeon Overview and Level Annotations

Branches:
Dungeon (2/15)

Altars:
Wu Jian


Innate Abilities, Weirdness & Mutations

You are very small and have problems with some larger weapons.
You are too small for most types of armour.
You have supernaturally acute eyesight. (SInv)
You are a herbivore.
You cover ground extremely quickly.
You need to consume almost no food.


Message History

The goblin looks drowsy...
The goblin barely misses you.
A goblin opens the door.
The hobgoblin misses you.
The helpless goblin fails to defend itself.
You impale the goblin!!
You kill the goblin!
The goblin misses you. The hobgoblin misses you.
Aim: a hobgoblin (chance to defeat MR: 59%)
The hobgoblin resists with significant effort.
The hobgoblin hits you. The goblin misses you. The hobgoblin misses you.
Aim: a hobgoblin (chance to defeat MR: 59%)
The hobgoblin resists with significant effort.
The hobgoblin barely misses you. The goblin barely misses you.
The hobgoblin hits you with a +0 club.
You don't have enough magic to cast that spell.
You hit the hobgoblin. The hobgoblin hits you.
You closely miss the hobgoblin. The hobgoblin hits you.
* * * LOW HITPOINT WARNING * * *
The goblin hits you with a cursed +0 club.
You die...

#.._..........####.........# #.
#..............##..........# .
#.<........#.....†#####..### #.
.......................#..######.
.................†.........#.....
.........<.##..#'#.........(.....
...........##.##.##.###..........
..............#..g#...###........
............####@####..###.......
....######.##g#ggg#.##.# #...r...
....# #.#g.'gggg..#.# #.......
##### #.##.#...#.##.# #.......
#..####+####..###....... ##...#
#...###........ ##..##
##.###..........
#...###..###..........
#.....................


You could see 5 hobgoblins and 5 goblins.

Vanquished Creatures
  A worm (D:2)
  3 giant cockroaches (D:2)
  6 hobgoblins
  2 ball pythons
  2 bats (D:1)
  2 frilled lizards
  6 goblins
  3 kobolds
  6 rats
31 creatures vanquished.

Notes
Turn   | Place    | Note
-------+----------+-------------------------------------------
     0 | D:1      | RoseArtemis the Spriggan Enchanter began the quest for the
                  | Orb.
     0 | D:1      | Reached XP level 1. HP: 9/9 MP: 5/5
   297 | D:1      | Reached XP level 2. HP: 13/13 MP: 6/6
   448 | D:1      | Learned a level 2 spell: Ensorcelled Hibernation
   776 | D:2      | Found an ornate altar of the Wu Jian Council.
  1357 | D:2      | Reached XP level 3. HP: 14/16 MP: 5/8
  1533 | D:2      | Slain by a goblin

Vault maps used:
D:1:      minmay_arrival_diagonal_passages
D:2:      cheibrodos_greedy_goblins, overflow_temple_1_default, zin_scriptorium

Skill      XL: |  1  2 |
---------------+-------+-----
Hexes          | 4 |  4.3
Spellcasting   | 3 |  3.1
Short Blades   | |  1.7
Dodging        | |  3.0
Stealth        | |  4.9

Action                   || total
-------------------------++-------
Melee: Dagger            ||    96
 Cast: Corona            ||     4
       Ensorcelled Hiber ||    18
  Use: Scroll            ||     1
 Stab: Sleeping          ||    19
Armor: Robe              ||    14
Dodge: Dodged            ||    71

Table legend:
 A = Non-vault XP
 B = Vault XP
 C = Vault XP percentage of total XP
 D = Non-vault monster count
 E = Vault monster count
 F = Vault count percentage of total count
                 A         B        C        D         E       F
            +---------+---------+-------+---------+---------+-------
      Total |      46 |       4 |   8.0 |      29 |       2 |   6.5
            +---------+---------+-------+---------+---------+-------
        D:1 |      20 |       0 |   0.0 |      15 |       0 |   0.0
        D:2 |      26 |       4 |  13.3 |      14 |       2 |  12.5
            +---------+---------+-------+---------+---------+-------
